 Dungeon Crawl Stone Soup version 0.30.1-11-g7821555f0a (webtiles) character file.

Game seed: 12295964475149606382

20790 pkoi the Martial Artist (level 12, -1/106 HPs)
             Began as a Yellow Draconian Monk on Oct 27, 2023.
             Was an Elder of Qazlal.
             Slain by a skyshark (21 damage)
             ... on level 2 of the Lair of Beasts.
             The game lasted 00:16:42 (13948 turns).

pkoi the Martial Artist (Yellow Draconian Monk)    Turns: 13948, Time: 00:16:42

Health: -1/106     AC: 12    Str: 14    XL:     12   Next: 48%
Magic:  21/21      EV: 18    Int: 18    God:    Qazlal [****..]
Gold:   624        SH:  5    Dex: 20    Spells: 11/11 levels left

rFire   . .          .
                       - Unarmed
rCold   . . .        b - orb {light}
rNeg    . . .        (body armour unavailable)
rPois   +            y - +1 hat {Int+3}
rElec   .            i - +0 cloak
rCorr   +            (no gloves)
SInv    .            K - +1 pair of boots
Will    .....        z - amulet of regeneration
Stlth   +            j - +6 ring of dexterity
HPRegen 1.17/turn    q - ring of poison resistance
MPRegen 0.17/turn

%: repel missiles
@: glowing
A: spit acid, AC +8, unfitting armour, cold-blooded, acid resistance
a: Breathe Acid, Renounce Religion, Upheaval, Elemental Force


You were on level 2 of the Lair of Beasts.
You worshipped Qazlal.
Qazlal was greatly pleased with you.
You visited 3 branches of the dungeon, and saw 15 of its levels.

You collected 750 gold pieces.
You spent 126 gold pieces at shops.

Inventory:

Hand Weapons
 e - a +0 short sword
 L - a +2 dagger of venom
Missiles
 c - 29 poisoned darts (quivered)
 t - 3 boomerangs
Armour
 b - an orb of light (worn)
 i - a +0 cloak (worn)
 y - a +1 hat of intelligence (worn)
 K - a +1 pair of boots (worn)
Jewellery
 j - a +6 ring of dexterity (left hand)
 n - a +6 ring of strength
 p - a ring of ice
 q - a ring of poison resistance (right hand)
 z - an amulet of regeneration (around neck)
 C - a ring of positive energy
 J - a ring of flight
Wands
 x - a wand of flame (44)
 F - a wand of polymorph (3)
 G - a wand of iceblast (7)
Scrolls
 d - 10 scrolls of teleportation
 f - a scroll of enchant armour
 g - 3 scrolls of identify
 l - a scroll of blinking
 u - 3 scrolls of fog
 v - a scroll of amnesia
 B - 3 scrolls of fear
 D - 2 scrolls of magic mapping
Potions
 a - a potion of ambrosia
 h - a potion of brilliance
 k - 2 potions of berserk rage
 m - 2 potions of heal wounds
 o - a potion of flight
 r - 2 potions of curing
 s - a potion of resistance
 w - 2 potions of cancellation
 A - 2 potions of magic
 E - 2 potions of haste
 H - 2 potions of invisibility


   Skills:
 + Level 9.7 Fighting
 + Level 8.8 Dodging
 + Level 13.1 Unarmed Combat
 + Level 12.6 Invocations


You had 11 spell levels left.
You didn't know any spells.
Your spell library contained the following spells:

 Spells                   Type           Power      Damage    Failure   Level
 Summon Small Mammal      Summ           0%         N/A       22%         1
 Call Canine Familiar     Summ           0%         N/A       54%         3
 Dazzling Flash           Conj/Hex       0%         N/A       54%         3
 Portal Projectile        Hex/Tloc       0%         N/A       54%         3
 Summon Guardian Golem    Hex/Summ       0%         N/A       54%         3
 Tukima's Dance           Hex            0%         N/A       54%         3
 Olgreb's Toxic Radiance  Pois           0%         N/A       91%         4
 Agony                    Necr           0%         N/A       99%         5
 Blade Hands              Tmut           0%         N/A       99%         5
 Irradiate                Conj/Tmut      0%         3d11      99%         5
 Silence                  Hex/Air        0%         N/A       99%         5
 Dragon Form              Tmut           0%         N/A       100%        7
 Discord                  Hex            0%         N/A       100%        8
 Ignition                 Fire           0%         3d3       100%        8


Dungeon Overview and Level Annotations

Branches:
Dungeon (11/15)            Temple (1/1) D:7            Lair (3/5) D:11
  Swamp (0/4) Lair:2        Snake (0/4) Lair:3
    Orc: D:9-12

Altars:
Ashenzari
Cheibriados
Dithmenos
Elyvilon
Fedhas
Gozag
Hepliaklqana
Kikubaaqudgha
Makhleb
Nemelex Xobeh
Okawaru
Qazlal
Ru
Sif Muna
Trog
Uskayaw
Vehumet
Wu Jian
Xom
Yredelemnul
Zin
The Shining One

Shops:
D:1 [   D:11 [

Annotations:
D:3 3 runed translucent doors, lonewolfV2's ghost, amateur DsFi


Innate Abilities, Weirdness & Mutations

You can spit globs of acid.
Your golden yellow scales are hard. (AC +8)
You cannot fit into any form of body armour.
You are cold-blooded and may be slowed by cold attacks.
You are resistant to acid. (rCorr)


Message History

* * * LOW HITPOINT WARNING * * *
The yak misses you. The wolf bites you.
* * * LOW HITPOINT WARNING * * *
You block the wolf's attack.
Unknown command.
Unknown command.
Blink to where?
Press: ? - help, Dir - move target, p - skyshark
As you read the scroll of blinking, it crumbles to dust.
The skyshark is engulfed in a thunderstorm.
The skyshark is engulfed in freezing vapours.
There is a stone staircase leading up here.
Unknown command.
The skyshark completely misses you.
The skyshark tail-slaps you but does no damage.
You block the skyshark's attack. x2; The skyshark barely misses you.
You block the skyshark's attack.
You climb upwards.
There is a stone staircase leading down here.
Unknown command.
Unknown command.
Aiming: Corrosive Bolt
Press: ? - help, Shift-Dir - straight line, f - skyshark
Aim: a skyshark (heavily wounded, berserk, haloed, 86% to hit)
The bolt of acid hits the skyshark.
The skyshark is heavily wounded.
The wolf is engulfed in freezing vapours.
The wolf bites you but does no damage.
The skyshark bites you but does no damage.
The skyshark barely misses you. The skyshark completely misses you.
The wolf is engulfed in freezing vapours.
The wolf closely misses you.
Unknown command.
Aiming: Corrosive Bolt
Press: ? - help, Shift-Dir - straight line, f/p - skyshark
Aim: a skyshark (heavily wounded, berserk, haloed, 86% to hit)
The bolt of acid hits the skyshark!
The acid corrodes the skyshark!
The skyshark is heavily wounded.
The now-empty wand crumbles to dust.
The skyshark bites you!!
You die...

.♣#....PPP..PPP...##
....[..PPPP.PPP..P#
.♣..÷..PPPP.PPP..##
##^<....PP..PP...##
##÷.....#P.PP.....###
....#...#...........#
#.###.###....##°....##
.## ### #.....#......#
##### ##....#.○@.##.#
#...####.......h.l####
#.....P#......§..°#
#.....##.......#.P##
.....#.............#
......#...####.....#
...........##......#
###.#......#.......#
.###.......P.......#


You could see a skyshark (berserk, corroded) and a wolf.

Vanquished Creatures
  A hydra (Lair:2)
  2 two-headed ogres
  Erica (D:8)
  A boulder beetle (Lair:1)
  2 bog bodies (Lair:2)
  Pikel (D:6)
  A cyclops (D:8)
  6 elephants
  Joseph (D:10)
  2 cane toads (Lair:2)
  A gargoyle (D:11)
  2 rime drakes
  A komodo dragon (Lair:2)
  An efreet (D:10)
  2 trolls
  A polar bear (Lair:2)
  Prince Ribbit (D:8)
  2 wyverns
  A shadow (D:10)
  2 wraiths
  27 yaks
  Eustachio (D:6)
  3 basilisks
  2 swamp worms (Lair:2)
  3 acid dragons
  7 water moccasins
  2 orc warriors
  2 ice beasts (D:6)
  3 sky beasts
  8 wolves
  3 centaurs
  An ogre (D:5)
  A lemure (D:6)
  2 kobold brigands
  8 bullfrogs
  5 scorpions
  6 wights
  14 killer bees
  3 electric eels
  A howler monkey (D:6)
  5 hounds
  A jelly (D:7)
  3 orc priests
  A gnoll bouda (D:6)
  A sleepcap (D:4)
  5 iguanas
  9 orc wizards
  8 gnolls
  15 adders
  A shadow imp (D:5)
  2 white imps
  A worm (D:2)
  3 dart slugs
  35 orcs
  16 ball pythons
  7 endoplasms
  4 giant cockroaches
  6 goblins
  4 hobgoblins
  4 quokkas
  3 bats
  3 frilled lizards (D:1)
  21 kobolds
  5 rats
  3 butterflies (Lair:1)
300 creatures vanquished.

Notes
Turn   | Place    | Note
-------+----------+-------------------------------------------
     0 | D:1      | pkoi the Draconian Monk began the quest for the Orb.
     0 | D:1      | Reached XP level 1. HP: 19/19 MP: 1/1
   117 | D:1      | Reached XP level 2. HP: 24/26 MP: 2/2
   250 | D:1      | Reached skill level 4 in Unarmed Combat
   309 | D:1      | Reached XP level 3. HP: 15/31 MP: 3/3
   485 | D:1      | Found Ygotzef's Armour Shop.
   809 | D:2      | Reached XP level 4. HP: 38/38 MP: 4/4
   849 | D:2      | Reached skill level 5 in Unarmed Combat
  1100 | D:2      | Noticed an eye of devastation
  1102 | D:2      | Found a faded altar of an unknown god.
  1103 | D:2      | Noticed a golden eye
  1103 | D:2      | Noticed an eye of devastation
  1103 | D:2      | Noticed a shining eye
  1969 | D:3      | You fall into a shaft and drop 3 floors!
  1987 | D:5      | Entered Level 5 of the Dungeon
  1993 | D:5      | Reached XP level 5. HP: 38/45 MP: 5/5
  1997 | D:5      | Reached skill level 6 in Unarmed Combat
  2135 | D:5      | Reached XP level 6. HP: 30/51 MP: 6/6
  2464 | D:3      | Found a runed translucent gate.
  2464 | D:3      | Found a runed translucent gate.
  2465 | D:3      | Found a runed translucent gate.
  2465 | D:3      | Noticed lonewolfV2's ghost (amateur DsFi)
  2469 | D:3      | Reached skill level 7 in Unarmed Combat
  3011 | D:3      | Found a shadowy altar of Dithmenos.
  3011 | D:3      | Found a faded altar of an unknown god.
  3018 | D:3      | Found an ornate altar of the Wu Jian Council.
  3021 | D:3      | Found a faded altar of an unknown god.
  3023 | D:3      | Found a stormy altar of Qazlal.
  3261 | D:3      | Became a worshipper of Qazlal Stormbringer
  3261 | D:3      | Reached * piety under Qazlal
  3261 | D:3      | Reached ** piety under Qazlal
  3445 | D:4      | Reached skill level 1 in Invocations
  4140 | D:5      | Your scales start taking on a golden yellow colour.
  4140 | D:5      | Reached XP level 7. HP: 55/58 MP: 8/8
  4140 | D:5      | Gained mutation: You are resistant to acid. (rCorr) [Yellow
                  | Draconian growth]
  4311 | D:5      | Found a shimmering blue altar of Sif Muna.
  4406 | D:6      | Found a sacrificial altar of Ru.
  4779 | D:6      | Noticed Pikel
  4789 | D:6      | Killed Pikel
  4790 | D:6      | Reached skill level 5 in Fighting
  4790 | D:6      | Reached skill level 5 in Invocations
  4790 | D:6      | Reached XP level 8. HP: 50/68 MP: 1/12
  4943 | D:6      | Reached skill level 8 in Unarmed Combat
  4986 | D:6      | Noticed Eustachio
  5003 | D:6      | Killed Eustachio
  5528 | D:7      | Found a staircase to the Ecumenical Temple.
  5561 | Temple   | Entered the Ecumenical Temple
  5849 | D:7      | Identified 2 scrolls of acquirement
  5849 | D:7      | Acquired a +1 hat of intelligence
  5856 | D:7      | Acquired a ring of poison resistance
  5868 | D:7      | Reached XP level 9. HP: 74/75 MP: 13/13
  5996 | D:7      | Reached skill level 5 in Dodging
  6457 | D:7      | Reached skill level 9 in Unarmed Combat
  6740 | D:8      | Noticed a cyclops
  6741 | D:8      | Killed a cyclops
  6905 | D:8      | Noticed Erica
  6917 | D:8      | Killed Erica
  6918 | D:8      | Reached skill level 10 in Unarmed Combat
  6918 | D:8      | Reached XP level 10. HP: 49/83 MP: 16/16
  7145 | D:8      | Noticed Prince Ribbit
  7156 | D:8      | Killed Prince Ribbit
  7933 | D:9      | Reached *** piety under Qazlal
  8406 | D:10     | Entered Level 10 of the Dungeon
  8410 | D:10     | Noticed Joseph
  8431 | D:10     | Killed Joseph
  8622 | D:10     | Noticed a two-headed ogre
  8624 | D:10     | Killed a two-headed ogre
  8625 | D:10     | Reached skill level 11 in Unarmed Combat
  8625 | D:10     | Reached skill level 10 in Invocations
  9392 | D:11     | Noticed an elephant
  9420 | D:11     | Killed an elephant
  9634 | D:11     | Reached XP level 11. HP: 72/91 MP: 16/18
  9852 | D:11     | Found a staircase to the Lair.
 10557 | D:11     | Noticed a two-headed ogre
 10562 | D:11     | Killed a two-headed ogre
 10563 | D:11     | Reached skill level 12 in Unarmed Combat
 10731 | D:11     | Found Zucil's Armour Emporium.
 10762 | D:11     | Bought a +1 pair of boots for 126 gold pieces
 10966 | Lair:1   | Entered Level 1 of the Lair of Beasts
 11012 | Lair:1   | Noticed a boulder beetle
 11181 | Lair:1   | Killed a boulder beetle
 11919 | Lair:2   | Noticed a seven-headed hydra
 11927 | Lair:2   | HP: 3/94 [seven-headed hydra (10)]
 11928 | Lair:2   | Killed a seven-headed hydra
 12164 | Lair:2   | Noticed a bog body
 12177 | Lair:2   | Killed a bog body
 12231 | Lair:2   | Noticed a bog body
 12249 | Lair:2   | Killed a bog body
 12693 | Lair:2   | Reached XP level 12. HP: 102/103 MP: 20/20
 12934 | Lair:2   | Reached **** piety under Qazlal
 13803 | Lair:2   | Found a staircase to the Swamp.
 13809 | Lair:2   | Reached skill level 13 in Unarmed Combat
 13884 | Lair:3   | Found a staircase to the Snake Pit.
 13948 | Lair:2   | Slain by a skyshark

Illustrated notes

Levels and vault maps discovered:
D:1:      giann_wishing_wells, layout_rooms, serial_shops, shop,
          minmay_misc_feat_encased
D:2:      layout_loops_corners, hellmonk_ecumenical_altar_watching_god,
          nrook_mini_backslash, minmay_puff
D:3:      layout_basic, chequers_temple_overflow_minitemple,
          gammafunk_ghost_nasty_kobolds
D:4:      cheibrodos_helix_gallery, layout_basic, kennysheep_generic_room_8
D:5:      layout_rooms, mainiacjoe_overflow_alcove_1, minmay_misc_feat_square,
          kennysheep_generic_room_6
D:6:      layout_gridville, overflow_temple_1_default, uniq_eustachio,
          uniq_pikel
D:7:      layout_loops_ring, minmay_temple_entry_tees
D:8:      layout_basic, uniq_prince_ribbit1, uniq_erica
D:9:      layout_rooms
D:10:     layout_stronghold, uniq_joseph
D:11:     layout_cave_pools, david_lair_generic, serial_shops, shop
Temple:   minmay_temple_bridge_d
Lair:1:   layout_roguey, serial_rivers, chequers_serial_rivers_micro_b,
          chequers_serial_rivers_large_a, chequers_serial_rivers_micro_c,
          chequers_serial_rivers_micro_d, chequers_serial_rivers_small_3,
          minmay_holes, serial_bayou_shore_a, infiniplex_staircase_pool,
          lemuel_fruit_fields
Lair:2:   minmay_lair_venomous_thicket, layout_misc_corridors,
          nicolae_swamp_entry_splash_gauntlet, serial_forest,
          infiniplex_forest_end_1, infiniplex_forest_lined_room_3,
          infiniplex_forest_lined_2, infiniplex_forest_diagonal,
          infiniplex_forest_clump_C, infiniplex_forest_lined_2,
          infiniplex_forest_end_2
Lair:3:   layout_misc_corridors, dummy_snake_entry

Skill      XL: |  1  2  3  4  5  6  7  8  9 10 11 12 |
---------------+-------------------------------------+-----
Unarmed Combat | 4 5 6 7 8 10 11 12 13 | 13.1
Invocations    | 2 5 6 8 10 11 12 | 12.6
Dodging        | 3 4 6 8 |  8.8
Fighting       | 5 6 8 9 |  9.7

Action                     |  1- 3 |  4- 6 |  7- 9 | 10-12 || total
---------------------------+-------+-------+-------+-------++-------
  Melee: Unarmed           |    89 |   166 |   203 |   590 ||  1048
         Tailslap          |    12 |    23 |    41 |   154 ||   230
         Dagger            |       |       |       |     4 ||     4
  Throw: Dart              |       |     5 |       |     1 ||     6
 Invoke: Upheaval          |       |       |     5 |     8 ||    13
Ability: Breathe Acid      |       |       |     1 |     1 ||     2
  Evoke: Wand              |       |       |       |     5 ||     5
    Use: Scroll            |     4 |     9 |     6 |    11 ||    30
         Potion            |       |       |       |     2 ||     2
 Armour: Skin              |    24 |    37 |    55 |   160 ||   276
  Dodge: Dodged            |    63 |    86 |   136 |   531 ||   816
         Repelled          |       |       |       |     2 ||     2
  Block: Orb               |       |     1 |    29 |   144 ||   174
